 Dungeon Crawl Stone Soup version 0.23.2-40-g277498a001 (webtiles) character file.

Game seed: 6113582764423931044

438 Amplified the Skirmisher (level 6, -11/45 HPs)
             Began as a Demonspawn Monk on Sept 9, 2019.
             Killed by nerve-wracking pain
             ... invoked by an orc priest
              (13 damage)
             ... on level 3 of the Dungeon.
             The game lasted 00:04:53 (3262 turns).

Amplified the Skirmisher (Demonspawn Monk)          Turns: 3262, Time: 00:04:54

Health: -11/45     AC: 10    Str: 13    XL:     6   Next: 69%
Magic:  6/6        EV: 28    Int: 17    God:
Gold:   124        SH:  0    Dex: 15    Spells: 5/5 levels left

rFire    . . .     SeeInvis +   a - +0 mace
rCold    . . .     Gourm    .   (no shield)
rNeg     . . .     Faith    .   b - +1 robe
rPois    .         Spirit   .   (helmet restricted)
rElec    .         Reflect  .   j - +0 cloak
rCorr    .         Harm     .   h - +2 pair of gloves
MR       +....                  n - +0 pair of boots
Stlth    +++.......             l - amulet of the acrobat
HPRegen  0.15/turn              e - +1 ring of slaying
MPRegen  0.10/turn              k - ring of see invisible

@: brilliant, acrobat
A: horns 1, talons 1, molten scales 1, frail 1, magic resistance 1, nightstalker
1
a: no special abilities


You were on level 3 of the Dungeon.
You were hungry.

You visited 1 branch of the dungeon, and saw 4 of its levels.

You collected 124 gold pieces.

Inventory:

Hand Weapons
 a - a +0 mace (weapon)
Missiles
 p - 22 poisoned needles
Armour
 b - a +1 robe (worn)
 h - a +2 pair of gloves (worn)
 j - a +0 cloak (worn)
 m - a +2 helmet
 n - a +0 pair of boots (worn)
Jewellery
 e - a +1 ring of slaying (left hand)
 i - an uncursed ring of stealth
 k - a ring of see invisible (right hand)
 l - an amulet of the acrobat (around neck)
Scrolls
 f - 5 scrolls of remove curse
 g - 2 scrolls of identify
 o - a scroll of magic mapping
Comestibles
 c - 4 rations


   Skills:
 * Level 5.0 Fighting
 * Level 4.5 Maces & Flails
 * Level 3.4 Armour
 - Level 2.6 Dodging
 - Level 1.7 Stealth


You had 5 spell levels left.
You didn't know any spells.
Your spell library contained the following spells:

 Spells                   Type           Power        Failure   Level  Hunger
 Corona                   Hex            ##.....      3%          1    ##.....
 Ensorcelled Hibernation  Hex/Ice        ##....       4%          2    ###....
 Confuse                  Hex            ##......     8%          3    ####...
 Dazzling Spray           Conj/Hex       ##....       8%          3    ####...
 Tukima's Dance           Hex            ##......     8%          3    ####...


Dungeon Overview and Level Annotations

Branches:
Dungeon (4/15)
 Temple: D:4-7

Altars:
Ashenzari
Zin


Innate Abilities, Weirdness & Mutations

You have a pair of small horns on your head.
You are partially covered in molten scales. (AC +2)
You are slightly more attuned to the shadows.
You have sharp toenails.
You are frail. (-10% HP)
You are resistant to hostile enchantments. (MR+)


Message History

Okay, then.
The centaur shoots an arrow.
The arrow hits you!
* * * LOW HITPOINT WARNING * * *
You see here an arrow.
There is a stone staircase leading up here.
You don't know any spells.
Unknown command.
You climb upwards.
There is a stone staircase leading down here.
Unknown command.
Unknown command.
Unknown command.
Unknown command.
Unknown command.
Unknown command.
Unknown command.
Unknown command.
The orc priest calls down the wrath of Beogh upon you.
Pain shoots through your body!
You die...

#.###..#.####.# ##.# #.#
#..##.........## #.# #.#
##..#.......<..###.# #.##
##.............##.# #..#
#####...).....#....# ##.#
...##.........####.### #.#
...#.........#####...## #.#
.....#..........##.#..### #.#
###....#.....o.>@.......###.##
.....###........##..##.......#
.o..## #<....######.###.....####
.<.#####.###.###.................
.................................
.###.....#.......#.)#<#..>.......
####.............#.##..##########
##....#.........##>###.##
...##.##...........###..######


You could see an orc priest.

Vanquished Creatures
  Sigmund (D:2)
  A scorpion (D:3)
  A howler monkey (D:3)
  9 gnolls
  6 adders
  An ooze (D:2)
  A worm (D:3)
  A dart slug (D:1)
  3 orcs
  2 giant cockroaches (D:1)
  7 hobgoblins
  4 kobolds
  3 quokkas
  4 bats
  6 frilled lizards
  6 goblins
  5 rats
61 creatures vanquished.

Notes
Turn   | Place    | Note
-------+----------+-------------------------------------------
     0 | D:1      | Amplified the Demonspawn Monk began the quest for the Orb.
     0 | D:1      | Reached XP level 1. HP: 18/18 MP: 1/1
   416 | D:1      | Gained mutation: You are partially covered in molten
                  | scales. (AC +2) [demonic ancestry]
   416 | D:1      | Reached XP level 2. HP: 23/24 MP: 2/2
  1002 | D:1      | Reached skill level 1 in Armour
  1113 | D:2      | Gained mutation: You are slightly more attuned to the
                  | shadows. [demonic ancestry]
  1113 | D:2      | Reached XP level 3. HP: 17/29 MP: 3/3
  1613 | D:2      | Gained mutation: You have a pair of small horns on your
                  | head. [demonic ancestry]
  1613 | D:2      | Reached XP level 4. HP: 32/37 MP: 4/4
  1749 | D:3      | Found a shattered altar of Ashenzari.
  1818 | D:3      | Reached skill level 4 in Fighting
  1885 | D:3      | Reached XP level 5. HP: 28/42 MP: 5/5
  2611 | D:2      | Noticed Sigmund
  2642 | D:2      | Gained mutation: You are frail. (-10% HP) [potion of
                  | mutation]
  2642 | D:2      | Gained mutation: You are resistant to hostile enchantments.
                  | (MR+) [potion of mutation]
  2642 | D:2      | Gained mutation: You have sharp toenails. [potion of
                  | mutation]
  2674 | D:2      | Killed Sigmund
  2674 | D:2      | Reached XP level 6. HP: 42/45 MP: 6/6
  2751 | D:2      | Found a glowing silver altar of Zin.
  2895 | D:3      | Reached skill level 5 in Fighting
  3258 | D:4      | HP: 1/45 [centaur/arrow (14)]
  3262 | D:3      | Killed from afar by an orc priest

Skill      XL: |  1  2  3  4  5  6 |
---------------+-------------------+-----
Maces & Flails | 3 4 |  4.5
Armour         | 1 2 3 |  3.4
Fighting       | 4 5 |  5.0
Dodging        | |  2.6
Stealth        | |  1.7

Action                   |  1- 3 |  4- 6 || total
-------------------------+-------+-------++-------
Melee: Mace              |    75 |   108 ||   183
       Headbutt          |       |    16 ||    16
       Kick              |       |     9 ||     9
  Use: Scroll            |     4 |     3 ||     7
       Potion            |     2 |     8 ||    10
 Stab: Sleeping          |     7 |     7 ||    14
  Eat: Chunk             |     2 |     5 ||     7
Armor: Robe              |    17 |    22 ||    39
Dodge: Dodged            |    58 |    81 ||   139
